Canucks vs Sabres

Created - Friday, February 27, 2015 at 00:42

Goals
1 2 3 T
Canucks 0 1 0 1
Sabres 1 1 0 2
Shots
1 2 3 T
Canucks 5 9 9 23
Sabres 11 9 13 33

1st period

1. Sabres , Stephane Robidas 3 (Alec Martinez, Chris Higgins) at 18:40

Penalties :
Willie Mitchell (Van) for Tripping (Minor) at 5:09, Jared Cowen (Van) for Tripping (Minor) at 7:27, Derick Brassard (Van) for Hooking (Minor) at 10:43, Clarke MacArthur (Van) for Hooking (Minor) at 15:06

2nd period

2. Canucks , Andrei Markov 25 (Pavel Datsyuk, Clarke MacArthur) at 9:04
3. Sabres , Blake Wheeler 28 (Henrik Zetterberg, Jay Bouwmeester) at 14:51 (PP)

Penalties :
Willie Mitchell (Van) for High sticking (Minor) at 3:23, Sidney Crosby (Buf) for Roughing (Minor) at 9:46, Jared Cowen (Van) for Hooking (Minor) at 13:17, Cody Hodgson (Van) for High sticking (Minor) at 18:07

3rd period

No Goal

Penalties :
Jared Cowen (Van) for Cross-checking (Minor) at 16:18

Goalie Stats

Ben Bishop (Van), 31 saves from 33 shots - (0.939), L, 41-7-8, 59:14 minutes
Ondrej Pavelec (Buf), 22 saves from 23 shots - (0.957), W, 12-3-0, 60:00 minutes

Players Stats for Canucks

Player Name              G  A  P  +/- PIM S  H  SB GA TA FO     MP     PP MP  PK MP  
------------------------------------------------------------------------------------
Andrei Markov            1  0  1   1  0   3  0  2  2  2  0/0    29:01   1:02  11:06 
Boyd Gordon              0  0  0   0  0   0  2  0  0  1  5/14   14:40   0:00  10:28 
Brendan Gallagher        0  0  0   0  0   0  0  0  2  0  0/0    10:24   0:00   0:00 
Casey Cizikas            0  0  0   0  0   0  3  1  1  1  1/1    14:40   0:00  10:28 
Christopher Tanev        0  0  0   0  0   0  1  1  0  3  0/0    21:07   0:00   6:22 
Clarke MacArthur         0  1  1   1  2   3  2  1  1  0  1/2    14:24   0:53   0:00 
Cody Hodgson             0  0  0  -1  2   2  0  0  2  0  6/15   14:46   1:06   0:00 
Colby Robak              0  0  0   0  0   0  0  0  0  0  0/0     0:00   0:00   0:00 
Derick Brassard          0  0  0  -1  2   1  5  2  0  1  1/1    15:03   1:06   0:00 
Jared Cowen              0  0  0  -1  6   1  0  0  0  2  0/0    11:35   0:00   0:00 
Joel Ward                0  0  0   1  0   1  0  0  0  0  0/1    14:22   0:53   0:00 
Kyle Brodziak            0  0  0   0  0   1  2  0  0  1  3/7    16:07   0:00   4:59 
Mats Zuccarello          0  0  0  -1  0   2  0  0  4  0  0/0    14:51   1:06   0:00 
Michael Grabner          0  0  0   0  0   3  0  0  5  1  0/1    17:04   0:57   4:59 
Niklas Hjalmarsson       0  0  0   0  0   3  1  0  0  1  0/0    14:20   0:57   0:00 
Pavel Datsyuk            0  1  1   1  0   3  0  0  2  0  4/10   18:24   0:53   0:00 
Victor Hedman            0  0  0   1  0   0  1  2  0  0  0/0    26:46   1:02   9:05 
Willie Mitchell          0  0  0  -1  4   0  1  0  0  1  0/0    16:51   0:00   4:21 

Players Stats for Sabres

Player Name              G  A  P  +/- PIM S  H  SB GA TA FO     MP     PP MP  PK MP  
------------------------------------------------------------------------------------
Alec Martinez            0  1  1   0  0   1  0  1  0  0  0/0    20:45   8:16   0:00 
Alex Pietrangelo         0  0  0   0  0   2  0  0  0  5  0/0    24:30   7:37   0:00 
Blake Wheeler            1  0  1   0  0   3  0  2  2  0  0/0    18:04   7:30   0:00 
Brooks Orpik             0  0  0   0  0   0  1  0  0  2  0/0    22:22   7:50   0:00 
Chris Higgins            0  1  1   1  0   3  0  0  3  0  0/1     8:55   0:00   1:10 
David Perron             0  0  0   0  0   2  0  0  1  0  0/1    20:46   7:57   0:00 
Dwight King              0  0  0   0  0   2  0  1  1  1  0/1    10:31   0:00   0:00 
Eric Brewer              0  0  0   0  0   1  1  4  0  1  0/0    15:11   0:00   1:59 
Gustav Nyquist           0  0  0  -1  0   1  1  0  0  1  2/3    18:08   7:30   0:00 
Henrik Zetterberg        0  1  1  -1  0   4  2  0  1  0  1/3    20:04   7:30   0:49 
Jay Bouwmeester          0  1  1   0  0   2  0  1  0  2  0/0    26:10   7:11   1:59 
Marc-Andre Cliche        0  0  0   1  0   0  0  0  0  0  3/5     9:25   0:00   0:49 
Matt Stajan              0  0  0   0  0   1  0  0  0  0  3/6    11:33   0:00   1:10 
PA Parenteau             0  0  0   0  0   1  0  0  1  0  0/0    10:23   0:00   0:00 
Sidney Crosby            0  0  0   0  2   1  1  0  9  0  16/19  21:44   7:57   0:00 
Stephane Robidas         1  0  1   0  0   3  0  2  0  1  0/0    11:02   0:00   0:00 
Steve Downie             0  0  0   1  0   2  0  0  1  0  1/1     7:37   0:00   0:00 
Steven Stamkos           0  0  0  -1  0   4  1  1  2  0  5/12   20:50   7:57   0:00 

3 Stars

1 - Ondrej Pavelec (Buf)
2 - Andrei Markov (Van)
3 - Ben Bishop (Van)

Power Play

Canucks - 0 on 1 Attempt(s) - 0.00%
Sabres - 1 on 8 Attempt(s) - 12.50%

Penalty Kill

Canucks - 7 on 8 Attempt(s) - 87.50% - Score 0 goal in Penalty Kill
Sabres - 1 on 1 Attempt(s) - 100.00% - Score 0 goal in Penalty Kill

Team Stat

Canucks - Hits : 18 - Faceoff Wins : 21 - Blocked Shots : 9 - Penalty Minutes : 16
Sabres - Hits : 7 - Faceoff Wins : 31 - Blocked Shots : 12 - Penalty Minutes : 2

Official

Referees : Unknown
Linesman : Unknown

Game Notes

No Game Note

Finance

Level 1 -- Attendance: 5892 (98.20%) -- Ticket Income $453,684
Level 2 -- Attendance: 4968 (99.36%) -- Ticket Income $218,592
Level 3 -- Attendance: 2000 (100.00%) -- Ticket Income $56,000
Level 4 -- Attendance: 4000 (100.00%) -- Ticket Income $52,000
Luxury Box -- Attendance: 1000 (100.00%) -- Ticket Income $175,000
Game was played at the HSBC Arena'
Total Attendance: 17860 (99.22%)
Total Ticket Income: $955,276
Other Income: $468,085
Total Income: $1,423,361

Canucks

5 vs 5 Forward 
   Center                   Left Wing                Right Wing               Time % Phy DF OF 
 1 Pavel Datsyuk            Clarke MacArthur         Joel Ward                40     1   2  2  
 2 Cody Hodgson             Derick Brassard          Mats Zuccarello          30     1   2  2  
 3 Kyle Brodziak            Michael Grabner          Brendan Gallagher        20     1   2  2  
 4 Boyd Gordon              Casey Cizikas            Pavel Datsyuk            10     1   3  1  

5 vs 5 Defense 
   Defense                  Defense                                           Time % Phy DF OF 
 1 Andrei Markov            Victor Hedman                                     40     1   2  2  
 2 Christopher Tanev        Niklas Hjalmarsson                                35     1   2  2  
 3 Jared Cowen              Willie Mitchell                                   20     1   2  2  
 4 Andrei Markov            Victor Hedman                                     5      1   2  2  

PowerPlay Forward 
   Center                   Left Wing                Right Wing               Time % Phy DF OF 
 1 Pavel Datsyuk            Clarke MacArthur         Joel Ward                60     1   1  3  
 2 Cody Hodgson             Derick Brassard          Mats Zuccarello          40     1   1  3  

PowerPlay Defense
   Defense                  Defense                                           Time % Phy DF OF 
 1 Andrei Markov            Victor Hedman                                     60     1   1  3  
 2 Michael Grabner          Niklas Hjalmarsson                                40     1   1  3  

Penalty Kill 4 Players Forward 
   Center                   Wing                     Time % Phy DF OF 
 1 Boyd Gordon              Casey Cizikas            60     1   3  1  
 2 Kyle Brodziak            Michael Grabner          40     1   3  1  

Penalty Kill 4 Players Defense
   Defense                  Defense                  Time % Phy DF OF 
 1 Andrei Markov            Victor Hedman            60     1   3  1  
 2 Christopher Tanev        Willie Mitchell          40     1   3  1  

Penalty Kill - 3 Players Forward 
   Forward                                           Time % Phy DF OF 
 1 Boyd Gordon                                       60     1   2  2  
 2 Kyle Brodziak                                     40     1   2  2  

Penalty Kill - 3 Players Defense
   Defense                  Defense                  Time % Phy DF OF 
 1 Andrei Markov            Victor Hedman            60     1   2  2  
 2 Christopher Tanev        Willie Mitchell          40     1   2  2  

4 vs 4 Forward 
   Center                   Wing                     Time % Phy DF OF 
 1 Pavel Datsyuk            Mats Zuccarello          60     1   2  2  
 2 Derick Brassard          Clarke MacArthur         40     1   2  2  

4 vs 4 Defense
   Defense                  Defense                  Time % Phy DF OF 
 1 Andrei Markov            Victor Hedman            60     1   2  2  
 2 Christopher Tanev        Niklas Hjalmarsson       40     1   2  2  

Last Minutes Offensive
   Center                   Left Wing                Right Wing               Defense                  Defense                  
   Pavel Datsyuk            Derick Brassard          Mats Zuccarello          Andrei Markov            Victor Hedman            

Last Minutes Defensive
   Center                   Left Wing                Right Wing               Defense                  Defense                  
   Kyle Brodziak            Casey Cizikas            Boyd Gordon              Christopher Tanev        Victor Hedman            

Goaltenders
Starting : Ben Bishop               
Backup : Peter Budaj              

Extra Forwards
Normal : Cody Hodgson, Brendan Gallagher, Mats Zuccarello - PP : Cody Hodgson, Brendan Gallagher - PK : Joel Ward
Extra Defensemen
Normal : Jared Cowen, Victor Hedman, Christopher Tanev - PP : Niklas Hjalmarsson - PK : Christopher Tanev, Willie Mitchell
Penalty Shots
Mats Zuccarello, Pavel Datsyuk, Derick Brassard, Joel Ward, Cody Hodgson

Sabres

5 vs 5 Forward 
   Center                   Left Wing                Right Wing               Time % Phy DF OF 
 1 Sidney Crosby            David Perron             Blake Wheeler            40     1   1  3  
 2 Steven Stamkos           Henrik Zetterberg        Gustav Nyquist           39     0   1  4  
 3 Matt Stajan              Dwight King              PA Parenteau             15     1   2  2  
 4 Marc-Andre Cliche        Steve Downie             Chris Higgins            6      2   2  1  

5 vs 5 Defense 
   Defense                  Defense                                           Time % Phy DF OF 
 1 Brooks Orpik             Alex Pietrangelo                                  37     1   3  1  
 2 Jay Bouwmeester          Eric Brewer                                       36     1   2  2  
 3 Alec Martinez            Stephane Robidas                                  17     1   4  0  
 4 Jay Bouwmeester          Alex Pietrangelo                                  10     1   1  3  

PowerPlay Forward 
   Center                   Left Wing                Right Wing               Time % Phy DF OF 
 1 Sidney Crosby            David Perron             Steven Stamkos           55     0   0  5  
 2 Henrik Zetterberg        Gustav Nyquist           Blake Wheeler            45     0   0  5  

PowerPlay Defense
   Defense                  Defense                                           Time % Phy DF OF 
 1 Jay Bouwmeester          Alex Pietrangelo                                  55     0   2  3  
 2 Alec Martinez            Brooks Orpik                                      45     0   2  3  

Penalty Kill 4 Players Forward 
   Center                   Wing                     Time % Phy DF OF 
 1 Matt Stajan              Chris Higgins            50     1   4  0  
 2 Marc-Andre Cliche        Henrik Zetterberg        50     2   3  0  

Penalty Kill 4 Players Defense
   Defense                  Defense                  Time % Phy DF OF 
 1 Brooks Orpik             Alex Pietrangelo         50     1   4  0  
 2 Eric Brewer              Jay Bouwmeester          50     1   4  0  

Penalty Kill - 3 Players Forward 
   Forward                                           Time % Phy DF OF 
 1 Matt Stajan                                       50     1   2  2  
 2 Marc-Andre Cliche                                 50     1   2  2  

Penalty Kill - 3 Players Defense
   Defense                  Defense                  Time % Phy DF OF 
 1 Brooks Orpik             Alex Pietrangelo         50     1   4  0  
 2 Eric Brewer              Jay Bouwmeester          50     1   4  0  

4 vs 4 Forward 
   Center                   Wing                     Time % Phy DF OF 
 1 Sidney Crosby            Blake Wheeler            50     0   1  4  
 2 Steven Stamkos           Henrik Zetterberg        50     1   1  3  

4 vs 4 Defense
   Defense                  Defense                  Time % Phy DF OF 
 1 Jay Bouwmeester          Alex Pietrangelo         50     1   2  2  
 2 Eric Brewer              Brooks Orpik             50     1   2  2  

Last Minutes Offensive
   Center                   Left Wing                Right Wing               Defense                  Defense                  
   Sidney Crosby            Henrik Zetterberg        Steven Stamkos           Jay Bouwmeester          Alex Pietrangelo         

Last Minutes Defensive
   Center                   Left Wing                Right Wing               Defense                  Defense                  
   Henrik Zetterberg        Dwight King              Chris Higgins            Brooks Orpik             Alex Pietrangelo         

Goaltenders
Starting : Ondrej Pavelec           
Backup : Petr Mrazek              

Extra Forwards
Normal : Steven Stamkos, Henrik Zetterberg, Gustav Nyquist - PP : David Perron, Steven Stamkos - PK : Chris Higgins
Extra Defensemen
Normal : Eric Brewer, Stephane Robidas, Brooks Orpik - PP : Eric Brewer - PK : Eric Brewer, Brooks Orpik
Penalty Shots
Steven Stamkos, Sidney Crosby, PA Parenteau, Blake Wheeler, David Perron

% Time on Ice - Canucks

Lines # - Real PCT - Wanted PCT - Time Play
Normal Forward
1 - 35% - 40% - 14:37
2 - 32% - 30% - 13:31
3 - 25% - 20% - 10:24
4 - 7% - 10% - 3:04
Normal Defense
1 - 35% - 40% - 14:33
2 - 35% - 35% - 14:34
3 - 27% - 20% - 11:10
4 - 3% - 5% - 1:19
PP Forward
1 - 45% - 60% - 0:53
2 - 55% - 40% - 1:06
PP Defense
1 - 52% - 60% - 1:02
2 - 48% - 40% - 0:57
PK Forward
1 - 68% - 60% - 10:28
2 - 32% - 40% - 4:59
PK Defense
1 - 59% - 60% - 9:05
2 - 41% - 40% - 6:22
PK3 Forward
1 - 0% - 60%
2 - 0% - 40%
PK3 Defense
1 - 0% - 60%
2 - 0% - 40%
44 Forward
1 - 0% - 60%
2 - 0% - 40%
44 Defense
1 - 0% - 60%
2 - 0% - 40%
Last Minute Offensive  - 0:58
Last Minute Defensive  - 0:00
Total
Forward - 60:00
Defense - 60:00

% Time on Ice - Sabres

Lines # - Real PCT - Wanted PCT - Time Play
Normal Forward
1 - 30% - 40% - 12:49
2 - 27% - 39% - 11:37
3 - 24% - 15% - 10:23
4 - 18% - 6% - 7:37
Normal Defense
1 - 38% - 37% - 15:58
2 - 35% - 36% - 14:39
3 - 26% - 17% - 11:02
4 - 2% - 10% - 0:47
PP Forward
1 - 51% - 55% - 7:57
2 - 49% - 45% - 7:30
PP Defense
1 - 49% - 55% - 7:37
2 - 51% - 45% - 7:50
PK Forward
1 - 59% - 50% - 1:10
2 - 41% - 50% - 0:49
PK Defense
1 - 0% - 50% - 0:00
2 - 100% - 50% - 1:59
PK3 Forward
1 - 0% - 50%
2 - 0% - 50%
PK3 Defense
1 - 0% - 50%
2 - 0% - 50%
44 Forward
1 - 0% - 50%
2 - 0% - 50%
44 Defense
1 - 0% - 50%
2 - 0% - 50%
Last Minute Offensive  - 0:00
Last Minute Defensive  - 0:08
Total
Forward - 60:00
Defense - 60:00

Play by Play

1st period


0:01 of 1st period - Sidney Crosby wins face-off versus Pavel Datsyuk in neutral zone.
0:34 of 1st period - Snap shot by Sidney Crosby.
0:34 of 1st period - Shot Blocked by Clarke MacArthur.
1:07 of 1st period - Snap shot by Steven Stamkos.
1:07 of 1st period - Stopped by Ben Bishop with a rebound.
1:37 of 1st period - Wrist shot by Brendan Gallagher.
1:37 of 1st period - Deflect By Michael Grabner.
1:37 of 1st period - Shot Misses the Net.
1:37 of 1st period - Puck is out of play.
1:38 of 1st period - Kyle Brodziak wins face-off versus Dwight King in Sabres zone.
1:51 of 1st period - Snap shot by Michael Grabner.
1:51 of 1st period - Shot Misses the Net.
1:53 of 1st period - Slapshot by Jared Cowen.
1:53 of 1st period - Shot Blocked by Stephane Robidas.
1:55 of 1st period - Slapshot by Jared Cowen.
1:55 of 1st period - Shot Blocked by Dwight King.
2:11 of 1st period - Wrist shot by Brendan Gallagher.
2:11 of 1st period - Deflect By Michael Grabner.
2:11 of 1st period - Stopped by Ondrej Pavelec with a rebound.
2:56 of 1st period - Alex Pietrangelo is hit by Boyd Gordon and loses puck.
3:45 of 1st period - Snap shot by Chris Higgins.
3:45 of 1st period - Deflect By Andrei Markov.
3:45 of 1st period - Stopped by Ben Bishop with a rebound.
3:47 of 1st period - Snap shot by Marc-Andre Cliche.
3:47 of 1st period - Deflect By Steve Downie.
3:47 of 1st period - Stopped by Ben Bishop without a rebound.
3:48 of 1st period - Gustav Nyquist wins face-off versus Kyle Brodziak in Canucks zone.
4:11 of 1st period - Niklas Hjalmarsson is hit by Gustav Nyquist and loses puck.
4:50 of 1st period - Snap shot by Pavel Datsyuk.
4:50 of 1st period - Shot Misses the Net.
5:09 of 1st period - Minor Penalty to Willie Mitchell for Tripping.
5:10 of 1st period - Sidney Crosby wins face-off versus Boyd Gordon in Canucks zone.
5:19 of 1st period - Alec Martinez is hit by Casey Cizikas and loses puck.
6:12 of 1st period - Blake Wheeler is hit by Christopher Tanev and loses puck.
6:23 of 1st period - Wrist shot by Michael Grabner.
6:23 of 1st period - Deflect By Kyle Brodziak.
6:23 of 1st period - Stopped by Ondrej Pavelec without a rebound.
6:24 of 1st period - Casey Cizikas wins face-off versus Sidney Crosby in Sabres zone.
7:09 of 1st period - Penalty to Willie Mitchell is over, Willie Mitchell is back on ice.
7:13 of 1st period - Alex Pietrangelo is hit by Kyle Brodziak and loses puck.
7:26 of 1st period - Snap shot by Cody Hodgson.
7:26 of 1st period - Shot Misses the Net.
7:27 of 1st period - Minor Penalty to Jared Cowen for Tripping.
7:28 of 1st period - Boyd Gordon wins face-off versus Sidney Crosby in Canucks zone.
7:33 of 1st period - Slapshot by Sidney Crosby.
7:33 of 1st period - Shot Misses the Net.
7:35 of 1st period - Slapshot by Brooks Orpik.
7:35 of 1st period - Shot Misses the Net.
8:34 of 1st period - Wrist shot by Andrei Markov.
8:34 of 1st period - Stopped by Ondrej Pavelec with a rebound.
9:27 of 1st period - Penalty to Jared Cowen is over, Jared Cowen is back on ice.
9:38 of 1st period - Snap shot by Sidney Crosby.
9:38 of 1st period - Shot Misses the Net.
9:40 of 1st period - Snap shot by David Perron.
9:40 of 1st period - Shot Misses the Net.
10:00 of 1st period - Snap shot by Dwight King.
10:00 of 1st period - Stopped by Ben Bishop with a rebound.
10:20 of 1st period - Snap shot by PA Parenteau.
10:20 of 1st period - Deflect By Matt Stajan.
10:20 of 1st period - Stopped by Ben Bishop without a rebound.
10:21 of 1st period - Marc-Andre Cliche wins face-off versus Cody Hodgson in Canucks zone.
10:38 of 1st period - Snap shot by Steve Downie.
10:38 of 1st period - Stopped by Ben Bishop without a rebound.
10:39 of 1st period - Marc-Andre Cliche wins face-off versus Cody Hodgson in Canucks zone.
10:43 of 1st period - Minor Penalty to Derick Brassard for Hooking.
10:44 of 1st period - Sidney Crosby wins face-off versus Boyd Gordon in Canucks zone.
10:54 of 1st period - Wrist shot by Sidney Crosby.
10:54 of 1st period - Shot Blocked by Casey Cizikas.
10:56 of 1st period - Slapshot by Jay Bouwmeester.
10:56 of 1st period - Stopped by Ben Bishop with a rebound.
11:28 of 1st period - Slapshot by Henrik Zetterberg.
11:28 of 1st period - Stopped by Ben Bishop without a rebound.
11:29 of 1st period - Boyd Gordon wins face-off versus Henrik Zetterberg in Canucks zone.
12:43 of 1st period - Penalty to Derick Brassard is over, Derick Brassard is back on ice.
12:51 of 1st period - Brooks Orpik is hit by Willie Mitchell and loses puck.
13:02 of 1st period - Andrei Markov is hit by Steven Stamkos and loses puck.
13:32 of 1st period - Slapshot by Dwight King.
13:32 of 1st period - Stopped by Ben Bishop with a rebound.
13:34 of 1st period - Snap shot by Jay Bouwmeester.
13:34 of 1st period - Shot Misses the Net.
14:43 of 1st period - Off-side.
14:44 of 1st period - Kyle Brodziak wins face-off versus Steven Stamkos in neutral zone.
14:51 of 1st period - Wrist shot by Michael Grabner.
14:51 of 1st period - Deflect By Brendan Gallagher.
14:51 of 1st period - Shot Blocked by Steven Stamkos.
14:51 of 1st period - Puck is out of play.
14:52 of 1st period - Pavel Datsyuk wins face-off versus Steven Stamkos in Sabres zone.
15:06 of 1st period - Minor Penalty to Clarke MacArthur for Hooking.
15:07 of 1st period - Sidney Crosby wins face-off versus Boyd Gordon in Canucks zone.
17:06 of 1st period - Penalty to Clarke MacArthur is over, Clarke MacArthur is back on ice.
17:31 of 1st period - Matt Stajan is hit by Clarke MacArthur and loses puck.
17:56 of 1st period - Wrist shot by Mats Zuccarello.
17:56 of 1st period - Deflect By Derick Brassard.
17:56 of 1st period - Shot Blocked by Eric Brewer.
17:56 of 1st period - Puck is out of play.
17:57 of 1st period - Cody Hodgson wins face-off versus Chris Higgins in Sabres zone.
18:00 of 1st period - Wrist shot by Mats Zuccarello.
18:00 of 1st period - Shot Misses the Net.
18:08 of 1st period - Snap shot by Mats Zuccarello.
18:08 of 1st period - Stopped by Ondrej Pavelec without a rebound.
18:09 of 1st period - Marc-Andre Cliche wins face-off versus Cody Hodgson in Sabres zone.
18:34 of 1st period - Snap shot by Chris Higgins.
18:34 of 1st period - Stopped by Ben Bishop with a rebound.
18:36 of 1st period - Slapshot by Alec Martinez.
18:36 of 1st period - Shot Misses the Net.
18:38 of 1st period - Slapshot by Alec Martinez.
18:38 of 1st period - Shot Misses the Net.
18:40 of 1st period - Slapshot by Stephane Robidas.
18:40 of 1st period - Goal by Stephane Robidas - Canucks : 0 - Sabres : 1.
18:41 of 1st period - Sidney Crosby wins face-off versus Clarke MacArthur in neutral zone.
18:58 of 1st period - Snap shot by Pavel Datsyuk.
18:58 of 1st period - Stopped by Ondrej Pavelec without a rebound.
18:59 of 1st period - Sidney Crosby wins face-off versus Pavel Datsyuk in Sabres zone.
Goals for this period are 0 for Canucks vs 1 for Sabres.
Shots for this period are 5 for Canucks vs 11 for Sabres.

2nd period


0:01 of 2nd period - Pavel Datsyuk wins face-off versus Steven Stamkos in neutral zone.
0:14 of 2nd period - Wrist shot by Clarke MacArthur.
0:14 of 2nd period - Stopped by Ondrej Pavelec without a rebound.
0:15 of 2nd period - Steven Stamkos wins face-off versus Pavel Datsyuk in Sabres zone.
0:46 of 2nd period - Henrik Zetterberg is hit by Clarke MacArthur and loses puck.
1:22 of 2nd period - Stephane Robidas is hit by Derick Brassard and loses puck.
1:29 of 2nd period - Eric Brewer is hit by Derick Brassard and loses puck.
2:27 of 2nd period - Wrist shot by Chris Higgins.
2:27 of 2nd period - Shot Misses the Net.
2:29 of 2nd period - Wrist shot by Jay Bouwmeester.
2:29 of 2nd period - Deflect By Steve Downie.
2:29 of 2nd period - Shot Misses the Net.
2:29 of 2nd period - Puck is out of play.
2:30 of 2nd period - Boyd Gordon wins face-off versus Marc-Andre Cliche in Canucks zone.
2:37 of 2nd period - Wrist shot by Casey Cizikas.
2:37 of 2nd period - Shot Misses the Net.
2:39 of 2nd period - Wrist shot by Pavel Datsyuk.
2:39 of 2nd period - Stopped by Ondrej Pavelec without a rebound.
2:40 of 2nd period - Cody Hodgson wins face-off versus Steven Stamkos in Sabres zone.
2:55 of 2nd period - Wrist shot by Steven Stamkos.
2:55 of 2nd period - Shot Blocked by Derick Brassard.
3:01 of 2nd period - Slapshot by Steven Stamkos.
3:01 of 2nd period - Stopped by Ben Bishop with a rebound.
3:23 of 2nd period - Minor Penalty to Willie Mitchell for High sticking.
3:24 of 2nd period - Sidney Crosby wins face-off versus Boyd Gordon in Canucks zone.
3:35 of 2nd period - Slapshot by Victor Hedman.
3:35 of 2nd period - Deflect By Casey Cizikas.
3:35 of 2nd period - Shot Blocked by Alec Martinez.
3:35 of 2nd period - Puck is out of play.
3:36 of 2nd period - Sidney Crosby wins face-off versus Boyd Gordon in Sabres zone.
4:29 of 2nd period - Brooks Orpik is hit by Casey Cizikas and loses puck.
5:00 of 2nd period - Icing by Gustav Nyquist.
5:01 of 2nd period - Henrik Zetterberg wins face-off versus Kyle Brodziak in Sabres zone.
5:23 of 2nd period - Penalty to Willie Mitchell is over, Willie Mitchell is back on ice.
5:54 of 2nd period - Snap shot by Clarke MacArthur.
5:54 of 2nd period - Stopped by Ondrej Pavelec without a rebound.
5:55 of 2nd period - Matt Stajan wins face-off versus Kyle Brodziak in Sabres zone.
6:24 of 2nd period - Slapshot by Dwight King.
6:24 of 2nd period - Deflect By PA Parenteau.
6:24 of 2nd period - Shot Misses the Net.
6:24 of 2nd period - Puck is out of play.
6:25 of 2nd period - Pavel Datsyuk wins face-off versus Marc-Andre Cliche in Canucks zone.
6:56 of 2nd period - Wrist shot by Chris Higgins.
6:56 of 2nd period - Shot Misses the Net.
7:16 of 2nd period - Snap shot by Derick Brassard.
7:16 of 2nd period - Stopped by Ondrej Pavelec without a rebound.
7:17 of 2nd period - Cody Hodgson wins face-off versus Sidney Crosby in Sabres zone.
7:20 of 2nd period - Snap shot by Derick Brassard.
7:20 of 2nd period - Shot Misses the Net.
7:22 of 2nd period - Slapshot by Christopher Tanev.
7:22 of 2nd period - Shot Misses the Net.
7:24 of 2nd period - Slapshot by Derick Brassard.
7:24 of 2nd period - Shot Misses the Net.
7:26 of 2nd period - Slapshot by Niklas Hjalmarsson.
7:26 of 2nd period - Shot Misses the Net.
7:28 of 2nd period - Slapshot by Christopher Tanev.
7:28 of 2nd period - Shot Blocked by Blake Wheeler.
7:30 of 2nd period - Snap shot by Niklas Hjalmarsson.
7:30 of 2nd period - Shot Misses the Net.
7:32 of 2nd period - Slapshot by Christopher Tanev.
7:32 of 2nd period - Shot Blocked by Eric Brewer.
7:34 of 2nd period - Wrist shot by Niklas Hjalmarsson.
7:34 of 2nd period - Shot Blocked by Blake Wheeler.
7:36 of 2nd period - Slapshot by Christopher Tanev.
7:36 of 2nd period - Shot Blocked by Eric Brewer.
8:05 of 2nd period - Michael Grabner is hit by Henrik Zetterberg and loses puck.
8:37 of 2nd period - Henrik Zetterberg is hit by Kyle Brodziak and loses puck.
9:04 of 2nd period - Slapshot by Andrei Markov.
9:04 of 2nd period - Deflect By Gustav Nyquist.
9:04 of 2nd period - Goal by Andrei Markov - Canucks : 1 - Sabres : 1.
9:05 of 2nd period - Sidney Crosby wins face-off versus Pavel Datsyuk in neutral zone.
9:18 of 2nd period - Snap shot by Blake Wheeler.
9:18 of 2nd period - Stopped by Ben Bishop with a rebound.
9:40 of 2nd period - Snap shot by Pavel Datsyuk.
9:40 of 2nd period - Shot Misses the Net.
9:46 of 2nd period - Minor Penalty to Sidney Crosby for Roughing.
9:47 of 2nd period - Cody Hodgson wins face-off versus Matt Stajan in Sabres zone.
11:46 of 2nd period - Penalty to Sidney Crosby is over, Sidney Crosby is back on ice.
11:57 of 2nd period - Backhand shot by Cody Hodgson.
11:57 of 2nd period - Stopped by Ondrej Pavelec with a rebound.
11:59 of 2nd period - Snap shot by Mats Zuccarello.
11:59 of 2nd period - Deflect By Cody Hodgson.
11:59 of 2nd period - Stopped by Ondrej Pavelec with a rebound.
12:01 of 2nd period - Slapshot by Jared Cowen.
12:01 of 2nd period - Stopped by Ondrej Pavelec with a rebound.
12:13 of 2nd period - Wrist shot by Brendan Gallagher.
12:13 of 2nd period - Shot Blocked by Eric Brewer.
12:33 of 2nd period - Wrist shot by Michael Grabner.
12:33 of 2nd period - Shot Blocked by Jay Bouwmeester.
12:51 of 2nd period - Alex Pietrangelo is hit by Boyd Gordon.
13:05 of 2nd period - Wrist shot by PA Parenteau.
13:05 of 2nd period - Shot Misses the Net.
13:17 of 2nd period - Minor Penalty to Jared Cowen for Hooking.
13:18 of 2nd period - Boyd Gordon wins face-off versus David Perron in Canucks zone.
14:51 of 2nd period - Snap shot by Blake Wheeler.
14:51 of 2nd period - Goal by Blake Wheeler - Canucks : 1 - Sabres : 2.
14:52 of 2nd period - Clarke MacArthur wins face-off versus Matt Stajan in neutral zone.
15:50 of 2nd period - Marc-Andre Cliche is hit by Derick Brassard and loses puck.
15:57 of 2nd period - Snap shot by Mats Zuccarello.
15:57 of 2nd period - Stopped by Ondrej Pavelec with a rebound.
16:03 of 2nd period - Snap shot by Alec Martinez.
16:03 of 2nd period - Stopped by Ben Bishop with a rebound.
16:05 of 2nd period - Slapshot by Stephane Robidas.
16:05 of 2nd period - Stopped by Ben Bishop without a rebound.
16:06 of 2nd period - Sidney Crosby wins face-off versus Michael Grabner in Canucks zone.
16:11 of 2nd period - Snap shot by David Perron.
16:11 of 2nd period - Shot Blocked by Victor Hedman.
16:13 of 2nd period - Snap shot by Stephane Robidas.
16:13 of 2nd period - Stopped by Ben Bishop with a rebound.
16:15 of 2nd period - Slapshot by Blake Wheeler.
16:15 of 2nd period - Shot Misses the Net.
16:35 of 2nd period - Slapshot by Sidney Crosby.
16:35 of 2nd period - Shot Misses the Net.
17:05 of 2nd period - Backhand shot by Steven Stamkos.
17:05 of 2nd period - Stopped by Ben Bishop with a rebound.
17:09 of 2nd period - Snap shot by Henrik Zetterberg.
17:09 of 2nd period - Shot Misses the Net.
17:11 of 2nd period - Snap shot by Jay Bouwmeester.
17:11 of 2nd period - Shot Blocked by Andrei Markov.
17:13 of 2nd period - Slapshot by Eric Brewer.
17:13 of 2nd period - Shot Misses the Net.
17:15 of 2nd period - Slapshot by Eric Brewer.
17:15 of 2nd period - Stopped by Ben Bishop without a rebound.
17:16 of 2nd period - Matt Stajan wins face-off versus Cody Hodgson in Canucks zone.
17:19 of 2nd period - Snap shot by PA Parenteau.
17:19 of 2nd period - Shot Misses the Net.
17:23 of 2nd period - Snap shot by PA Parenteau.
17:23 of 2nd period - Stopped by Ben Bishop without a rebound.
17:24 of 2nd period - Cody Hodgson wins face-off versus Matt Stajan in Canucks zone.
17:53 of 2nd period - Wrist shot by PA Parenteau.
17:53 of 2nd period - Shot Misses the Net.
17:55 of 2nd period - Snap shot by PA Parenteau.
17:55 of 2nd period - Shot Blocked by Christopher Tanev.
18:07 of 2nd period - Minor Penalty to Cody Hodgson for High sticking.
18:08 of 2nd period - Sidney Crosby wins face-off versus Boyd Gordon in Canucks zone.
18:16 of 2nd period - Slapshot by Alex Pietrangelo.
18:16 of 2nd period - Shot Blocked by Victor Hedman.
18:18 of 2nd period - Slapshot by Alex Pietrangelo.
18:18 of 2nd period - Shot Misses the Net.
18:46 of 2nd period - Sidney Crosby is hit by Casey Cizikas and loses puck.
Goals for this period are 1 for Canucks vs 1 for Sabres.
Shots for this period are 9 for Canucks vs 9 for Sabres.

3rd period


0:01 of 3rd period - Sidney Crosby wins face-off versus Boyd Gordon in neutral zone.
0:07 of 3rd period - Penalty to Cody Hodgson is over, Cody Hodgson is back on ice.
1:03 of 3rd period - Wrist shot by Clarke MacArthur.
1:03 of 3rd period - Stopped by Ondrej Pavelec with a rebound.
1:05 of 3rd period - Snap shot by Clarke MacArthur.
1:05 of 3rd period - Shot Misses the Net.
1:07 of 3rd period - Wrist shot by Clarke MacArthur.
1:07 of 3rd period - Shot Misses the Net.
1:09 of 3rd period - Slapshot by Niklas Hjalmarsson.
1:09 of 3rd period - Deflect By Alex Pietrangelo.
1:09 of 3rd period - Stopped by Ondrej Pavelec with a rebound.
1:11 of 3rd period - Slapshot by Pavel Datsyuk.
1:11 of 3rd period - Shot Misses the Net.
1:13 of 3rd period - Snap shot by Joel Ward.
1:13 of 3rd period - Stopped by Ondrej Pavelec with a rebound.
1:15 of 3rd period - Slapshot by Niklas Hjalmarsson.
1:15 of 3rd period - Deflect By Alex Pietrangelo.
1:15 of 3rd period - Stopped by Ondrej Pavelec with a rebound.
2:29 of 3rd period - Alec Martinez is hit by Derick Brassard and loses puck.
2:56 of 3rd period - Wrist shot by Pavel Datsyuk.
2:56 of 3rd period - Deflect By Clarke MacArthur.
2:56 of 3rd period - Shot Misses the Net.
2:56 of 3rd period - Puck is out of play.
2:57 of 3rd period - Sidney Crosby wins face-off versus Joel Ward in Sabres zone.
3:17 of 3rd period - Wrist shot by Sidney Crosby.
3:17 of 3rd period - Stopped by Ben Bishop with a rebound.
4:00 of 3rd period - Off-side.
4:01 of 3rd period - Cody Hodgson wins face-off versus Steven Stamkos in neutral zone.
4:04 of 3rd period - Wrist shot by Mats Zuccarello.
4:04 of 3rd period - Shot Blocked by Stephane Robidas.
4:20 of 3rd period - Wrist shot by Steven Stamkos.
4:20 of 3rd period - Deflect By Gustav Nyquist.
4:20 of 3rd period - Stopped by Ben Bishop without a rebound.
4:21 of 3rd period - Steven Stamkos wins face-off versus Cody Hodgson in Canucks zone.
5:59 of 3rd period - Snap shot by Alec Martinez.
5:59 of 3rd period - Deflect By Chris Higgins.
5:59 of 3rd period - Stopped by Ben Bishop with a rebound.
6:14 of 3rd period - Steve Downie is hit by Niklas Hjalmarsson and loses puck.
6:44 of 3rd period - Wrist shot by Casey Cizikas.
6:44 of 3rd period - Shot Misses the Net.
6:46 of 3rd period - Slapshot by Willie Mitchell.
6:46 of 3rd period - Deflect By Pavel Datsyuk.
6:46 of 3rd period - Stopped by Ondrej Pavelec without a rebound.
6:47 of 3rd period - Steven Stamkos wins face-off versus Boyd Gordon in Sabres zone.
7:28 of 3rd period - Slapshot by Victor Hedman.
7:28 of 3rd period - Deflect By Brendan Gallagher.
7:28 of 3rd period - Shot Misses the Net.
7:28 of 3rd period - Puck is out of play.
7:29 of 3rd period - Sidney Crosby wins face-off versus Cody Hodgson in Sabres zone.
7:36 of 3rd period - Wrist shot by David Perron.
7:36 of 3rd period - Shot Misses the Net.
7:38 of 3rd period - Wrist shot by Blake Wheeler.
7:38 of 3rd period - Shot Misses the Net.
7:40 of 3rd period - Wrist shot by David Perron.
7:40 of 3rd period - Stopped by Ben Bishop with a rebound.
7:42 of 3rd period - Wrist shot by David Perron.
7:42 of 3rd period - Stopped by Ben Bishop without a rebound.
7:43 of 3rd period - Sidney Crosby wins face-off versus Cody Hodgson in Canucks zone.
7:48 of 3rd period - Wrist shot by Blake Wheeler.
7:48 of 3rd period - Stopped by Ben Bishop with a rebound.
7:50 of 3rd period - Slapshot by Jay Bouwmeester.
7:50 of 3rd period - Stopped by Ben Bishop without a rebound.
7:51 of 3rd period - Sidney Crosby wins face-off versus Kyle Brodziak in Canucks zone.
8:28 of 3rd period - Alex Pietrangelo is hit by Victor Hedman and loses puck.
8:39 of 3rd period - Slapshot by Andrei Markov.
8:39 of 3rd period - Stopped by Ondrej Pavelec without a rebound.
8:40 of 3rd period - Steven Stamkos wins face-off versus Cody Hodgson in Sabres zone.
9:05 of 3rd period - Snap shot by Steven Stamkos.
9:05 of 3rd period - Stopped by Ben Bishop with a rebound.
9:07 of 3rd period - Slapshot by Jay Bouwmeester.
9:07 of 3rd period - Deflect By Henrik Zetterberg.
9:07 of 3rd period - Stopped by Ben Bishop without a rebound.
9:08 of 3rd period - Matt Stajan wins face-off versus Pavel Datsyuk in Canucks zone.
10:01 of 3rd period - Wrist shot by Michael Grabner.
10:01 of 3rd period - Stopped by Ondrej Pavelec with a rebound.
10:03 of 3rd period - Slapshot by Niklas Hjalmarsson.
10:03 of 3rd period - Stopped by Ondrej Pavelec without a rebound.
10:04 of 3rd period - Kyle Brodziak wins face-off versus Steven Stamkos in Sabres zone.
10:13 of 3rd period - Snap shot by Michael Grabner.
10:13 of 3rd period - Stopped by Ondrej Pavelec with a rebound.
10:25 of 3rd period - Wrist shot by Henrik Zetterberg.
10:25 of 3rd period - Stopped by Ben Bishop with a rebound.
10:59 of 3rd period - Michael Grabner is hit by Sidney Crosby and loses puck.
12:02 of 3rd period - Andrei Markov is hit by Brooks Orpik and loses puck.
12:23 of 3rd period - Snap shot by PA Parenteau.
12:23 of 3rd period - Shot Blocked by Andrei Markov.
12:25 of 3rd period - Slapshot by Dwight King.
12:25 of 3rd period - Shot Misses the Net.
12:51 of 3rd period - Snap shot by Steven Stamkos.
12:51 of 3rd period - Shot Misses the Net.
12:53 of 3rd period - Snap shot by Steven Stamkos.
12:53 of 3rd period - Deflect By Henrik Zetterberg.
12:53 of 3rd period - Stopped by Ben Bishop without a rebound.
12:54 of 3rd period - Derick Brassard wins face-off versus Steven Stamkos in Canucks zone.
13:31 of 3rd period - Snap shot by Mats Zuccarello.
13:31 of 3rd period - Shot Misses the Net.
13:55 of 3rd period - Boyd Gordon is hit by Eric Brewer and loses puck.
14:21 of 3rd period - Icing by Alex Pietrangelo.
14:22 of 3rd period - Steve Downie wins face-off versus Pavel Datsyuk in Sabres zone.
14:51 of 3rd period - Slapshot by Alex Pietrangelo.
14:51 of 3rd period - Stopped by Ben Bishop with a rebound.
14:53 of 3rd period - Slapshot by Alex Pietrangelo.
14:53 of 3rd period - Stopped by Ben Bishop without a rebound.
14:54 of 3rd period - Steven Stamkos wins face-off versus Cody Hodgson in Canucks zone.
15:42 of 3rd period - Wrist shot by Sidney Crosby.
15:42 of 3rd period - Shot Blocked by Derick Brassard.
16:18 of 3rd period - Minor Penalty to Jared Cowen for Cross-checking.
16:19 of 3rd period - Boyd Gordon wins face-off versus Gustav Nyquist in Canucks zone.
16:19 of 3rd period - Boyd Gordon is hit by Henrik Zetterberg.
16:29 of 3rd period - Snap shot by Victor Hedman.
16:29 of 3rd period - Deflect By Casey Cizikas.
16:29 of 3rd period - Shot Misses the Net.
16:29 of 3rd period - Puck is out of play.
16:30 of 3rd period - Gustav Nyquist wins face-off versus Boyd Gordon in Sabres zone.
18:18 of 3rd period - Penalty to Jared Cowen is over, Jared Cowen is back on ice.
19:12 of 3rd period - Matt Stajan is hit by Derick Brassard.
19:14 of 3rd period - Canucks, Ben Bishop is pulled from the net.
19:43 of 3rd period - Snap shot by Pavel Datsyuk.
19:43 of 3rd period - Shot Misses the Net.
19:45 of 3rd period - Snap shot by Andrei Markov.
19:45 of 3rd period - Shot Misses the Net.
19:47 of 3rd period - Snap shot by Pavel Datsyuk.
19:47 of 3rd period - Shot Misses the Net.
19:51 of 3rd period - Snap shot by Andrei Markov.
19:51 of 3rd period - Deflect By Pavel Datsyuk.
19:51 of 3rd period - Shot Misses the Net.
19:51 of 3rd period - Puck is out of play.
19:52 of 3rd period - Randy Carlyle call a timeout for Canucks.
19:52 of 3rd period - Pavel Datsyuk wins face-off versus Henrik Zetterberg in Sabres zone.
Goals for this period are 0 for Canucks vs 0 for Sabres.
Shots for this period are 9 for Canucks vs 13 for Sabres.


Output by the SimonT Hockey Simulator (STHS) for Eric Dolegowski -- Original Page W3C XHTML 1.0 Valid
Hockey Simulator - Hockey Simulation - Hockey Manager